 Dungeon Crawl Stone Soup version 0.26.0-16-gc1dbca0489 (webtiles) character file.

Game seed: 7969638476156901337

482 littlecub the Skirmisher (level 6, -4/51 HPs)
             Began as a Demonspawn Fighter on Jan 19, 2021.
             Killed by divine providence
             ... invoked by an orc priest
              (16 damage)
             ... on level 4 of the Dungeon.
             The game lasted 00:04:38 (3118 turns).

littlecub the Skirmisher (Demonspawn Fighter)       Turns: 3118, Time: 00:04:38

Health: -4/51      AC: 13    Str: 18    XL:     6   Next: 87%
Magic:  6/6        EV:  3    Int:  9    God:
Gold:   182        SH:  9    Dex: 13    Spells: 5/5 levels left

rFire    . . .     SeeInvis .   a - +0 flail
rCold    . . .     Faith    .   c - +0 kite shield
rNeg     . . .     Spirit   .   k - +0 plate armour
rPois    +         Reflect  .   (no helmet)
rElec    .         Harm     .   (no cloak)
rCorr    .         Rampage  .   (no gloves)
Will     .....                  (no boots)
Stlth    ..........             (no amulet)
HPRegen  0.17/turn              p - ring of poison resistance
MPRegen  0.10/turn              (no ring)

@: no status effects
A: hooves 1, thin metallic scales 1, powered by pain 1
a: no special abilities


You were on level 4 of the Dungeon.
You visited 2 branches of the dungeon, and saw 5 of its levels.

You collected 182 gold pieces.

Inventory:

Hand Weapons
 a - a +0 flail (weapon)
Armour
 c - a +0 kite shield (worn)
 k - a +0 plate armour (worn)
Jewellery
 p - a ring of poison resistance (left hand)
Wands
 b - a wand of digging (2)
Scrolls
 f - 2 scrolls of teleportation
 g - 2 scrolls of remove curse
 h - a scroll of identify
 l - 2 scrolls of fog
 m - 2 scrolls of immolation
 o - a scroll of enchant armour
 u - a scroll of enchant weapon
 w - a scroll of blinking
Potions
 d - a potion of might
 e - 3 potions of curing {unknown}
 i - 2 potions of flight {unknown}
 j - a potion of degeneration {unknown}
 n - 2 potions of lignification {unknown}
 q - a potion of magic {unknown}
 r - 2 potions of cancellation {unknown}
 s - a potion of attraction {unknown}
 t - 3 potions of haste {unknown}
 v - a potion of brilliance {unknown}


   Skills:
 * Level 5.1 Fighting
 * Level 4.1 Maces & Flails
 + Level 3.8 Armour
 + Level 3.7 Shields


You had 5 spell levels left.
You didn't know any spells.
Your spell library contained the following spells:

 Spells                   Type           Power        Failure   Level
 Magic Dart               Conj           0%           100%        1
 Blink                    Tloc           N/A          100%        2
 Call Imp                 Summ           0%           100%        2
 Slow                     Hex            0%           100%        2
 Conjure Flame            Conj/Fire      0%           100%        3
 Mephitic Cloud           Conj/Pois/Air  0%           100%        3


Dungeon Overview and Level Annotations

Branches:
Dungeon (4/15)             Temple (1/1) D:4

Altars:
Ashenzari
Dithmenos
Elyvilon
Fedhas
Gozag
Hepliaklqana
Makhleb
Nemelex Xobeh
Qazlal
Sif Muna
Trog
Uskayaw
Vehumet
Wu Jian
Xom
Yredelemnul
The Shining One

Annotations:
D:4 Eustachio


Innate Abilities, Weirdness & Mutations

You have large cloven feet.
You are partially covered in thin metallic scales. (AC +2)
You sometimes gain a little power by taking damage.


Message History

The orc barely misses you. The orc hits you but does no damage.
The orc barely misses you.
You barely miss the orc priest. Your kick misses the orc priest.
The orc priest is heavily wounded.
The orc priest hits you but does no damage.
The orc hits you with a +0 war axe.
* * * LOW HITPOINT WARNING * * *
The orc hits you but does no damage. x2
You hit the orc priest but do no damage.
The orc priest is heavily wounded.
The orc priest barely misses you. You block the orc's attack.
The orc hits you but does no damage. You block the orc's attack.
The orc priest miscasts a cantrip.
You hit the orc priest but do no damage.
You kick the orc priest.
The orc priest is severely wounded.
The orc barely misses you.
The orc priest mumbles some strange prayers to Beogh against you.
Beogh smites you!
You die...

#.......# #.>.#...#
#.......###
###.......##
#........##. ##
##........... #.
#....>..?.... #.
##....)o...... .
#.##.....@o.o..@. ..
####.......oo......
...##..................
...........(.....b.....
...........#####.......
..........## .......
....#.<...# ..$....
.......#.....# ...?...
......##....$.#


You could see Eustachio, an orc priest and 4 orcs.

Vanquished Creatures
  Sigmund (D:3)
  A hound (D:4)
  An orc priest (D:3)
  Terence (D:2)
  A worker ant (D:3)
  3 orc wizards (D:3)
  A hound skeleton (D:4)
  4 adders
  3 worms
  A dart slug (D:2)
  4 leopard geckos
  12 orcs
  4 giant cockroaches
  10 goblins
  6 hobgoblins
  2 quokkas
  A ball python (D:1)
  7 bats
  3 frilled lizards
  4 kobolds
  9 rats
79 creatures vanquished.

Notes
Turn   | Place    | Note
-------+----------+-------------------------------------------
     0 | D:1      | littlecub the Demonspawn Fighter began the quest for the
                  | Orb.
     0 | D:1      | Reached XP level 1. HP: 18/18 MP: 1/1
   208 | D:1      | Gained mutation: You are partially covered in thin metallic
                  | scales. (AC +2) [demonic ancestry]
   208 | D:1      | Reached XP level 2. HP: 24/24 MP: 2/2
   933 | D:2      | Noticed Terence
   938 | D:2      | Killed Terence
   939 | D:2      | Reached XP level 3. HP: 29/29 MP: 3/3
  1040 | D:2      | Gained mutation: You have large cloven feet. [demonic
                  | ancestry]
  1040 | D:2      | Reached XP level 4. HP: 9/37 MP: 4/4
  1304 | D:2      | Found a basalt altar of Yredelemnul.
  1993 | D:3      | Noticed Sigmund
  2003 | D:3      | Killed Sigmund
  2004 | D:3      | Reached skill level 4 in Fighting
  2004 | D:3      | Gained mutation: You sometimes gain a little power by
                  | taking damage. [demonic ancestry]
  2004 | D:3      | Reached XP level 5. HP: 31/43 MP: 5/5
  2193 | D:3      | Reached XP level 6. HP: 40/49 MP: 6/6
  2468 | D:3      | Reached skill level 5 in Fighting
  2924 | D:4      | Found a staircase to the Ecumenical Temple.
  2940 | Temple   | Entered the Ecumenical Temple
  3113 | D:4      | Noticed Eustachio
  3118 | D:4      | Killed from afar by an orc priest

Illustrated notes

Levels and vault maps discovered:
D:1:      dpeg_arrival_oval, layout_basic, minmay_misc_feat_doors
D:2:      layout_loops_corners, nicolae_overflow_crystal_walls, serial_forest,
          infiniplex_forest_clump_curved, infiniplex_forest_clump_small,
          infiniplex_forest_lined_1, infiniplex_forest_corner_2,
          infiniplex_forest_end_2, minmay_octomino_c4, uniq_terence
D:3:      layout_rooms, uniq_sigmund
D:4:      layout_cave_pods, cheibriados_altar_1,
          minmay_temple_entry_butterflies, uniq_eustachio
Temple:   eino_temple_scatter_basement

Skill      XL: |  1  2  3  4  5  6 |
---------------+-------------------+-----
Maces & Flails | 2 3 4 |  4.1
Armour         | 3 |  3.8
Shields        | 3 |  3.7
Fighting       | 4 5 |  5.1

Action                   |  1- 3 |  4- 6 || total
-------------------------+-------+-------++-------
Melee: Flail             |   106 |   158 ||   264
       Kick              |       |    47 ||    47
  Use: Scroll            |       |     7 ||     7
       Potion            |       |     1 ||     1
Armor: Scale mail        |    27 |       ||    27
       Plate armour      |    40 |   129 ||   169
Dodge: Dodged            |    17 |    26 ||    43
Block: Kite shield       |    57 |    78 ||   135
